AoeStats
← Kulishaak

Arabia

503173102Analyzed
1v1 RM · 1mo ago on Aug 30, 2026· 46m 12s· 2 players
Game mode
Random Map
Map size
Tiny (2 player)
Population
200
Speed
Normal
Resources
Standard
Victory
Conquest
Starting age
Dark Age
Ending age
Imperial Age
RankedLock teamsTeams togetherTeam positionsShared explorationLock speedFull tech treeHidden civsTurbo modeCheats
Victory
Defeat
🇨🇿 Bohemians · Czechia
1143
+17
🇳🇱 Lithuanians · Netherlands
1169
-17
Kulishaak
1:28 Loom
9:35 Feudal Age
10:17 Double-Bit Axe
15:21 Fletching
16:51 Horse Collar
18:25 Scale Mail Armor
22:52 Castle Age
21:26 Padded Archer Armor
23:05 Crossbowman
23:44 Bodkin Arrow
24:18 Bow Saw
24:04 Pikeman
25:30 Leather Archer Armor
26:03 Squires
26:44 Forging
27:21 Wheelbarrow
27:27 Fervor
29:37 Ballistics
31:23 Hand Cart
32:41 Masonry
33:57 Town Watch
35:24 Forging
38:44 Imperial Age
37:04 Chain Mail Armor
38:38 Iron Casting
38:29 Treadmill Crane
39:50 Chemistry
38:48 Arbalester
39:43 Bracer
41:17 Elite Hussite Wagon
44:09 Ring Archer Armor
43:43 Halberdier
45:43 Siege Engineers
StruikroverT
3:29 Loom
10:42 Feudal Age
15:59 Castle Age
15:27 Bloodlines
18:57 Double-Bit Axe
20:44 Horse Collar
24:00 Scale Barding Armor
26:05 Chain Barding Armor
26:25 Fletching
27:19 Bodkin Arrow
29:38 Elite Skirmisher
32:32 Wheelbarrow
36:50 Imperial Age
34:32 Gold Mining
36:23 Husbandry
36:47 Ballistics
37:48 Bracer
39:11 Chemistry
38:26 Padded Archer Armor
39:47 Cavalier
41:11 Murder Holes
43:28 Leather Archer Armor
43:24 Forging
43:49 Plate Barding Armor
44:12 Tower Shields
44:36 Town Watch
Connection lost

Rejoining the realm…

Still unreachable

The connection could not be restored.

Session expired

The server has moved on; the page needs a fresh start.